 Dungeon Crawl Stone Soup version 0.30-a0-424-g7412bad402 (webtiles) character file.

Game seed: 5572095977408172749

72 McMuffin the Shield-Bearer (level 4, -6/37 HPs)
             Began as a Formicid Fighter on Dec 9, 2022.
             Was a Follower of Zin.
             Killed by nerve-wracking pain
             ... invoked by Grinder
              (12 damage)
             ... on level 3 of the Dungeon.
             The game lasted 00:09:57 (1742 turns).

McMuffin the Shield-Bearer (Formicid Fighter)       Turns: 1742, Time: 00:09:58

Health: -6/37      AC: 11    Str: 23    XL:     4   Next: 48%
Magic:  4/4        EV:  6    Int:  7    God:    Zin [*.....]
Gold:   68         SH:  5    Dex: 13    Spells: 3/3 levels left

rFire   + + .      SeeInvis +    k - +2 mace (protect)
rCold   x x .      Faith    .    c - +0 buckler
rNeg    . . .      Spirit   .    l - +0 plate armour
rPois   .          Reflect  .    (helmet unavailable)
rElec   .          Harm     .    (no cloak)
rCorr   .          Rampage  .    (no gloves)
Will    .....                    (no boots)
Stlth   ..........               (no amulet)
HPRegen 0.26/turn                n - ring of fire
MPRegen 0.09/turn                q - ring of fire

@: no status effects
A: permanent stasis, dig shafts and tunnels, antennae 3, four strong arms
a: Dig, Shaft Self, Renounce Religion, Recite, Donate Gold


You were on level 3 of the Dungeon.
You worshipped Zin.
Zin was aware of your devotion.
You visited 1 branch of the dungeon, and saw 3 of its levels.

You collected 75 gold pieces.
You donated 7 gold pieces to Zin.

Inventory:

Hand Weapons
 a - a +0 war axe
 k - a +2 mace of protection (weapon)
Armour
 b - a +0 scale mail
 c - a +0 buckler (worn)
 l - a +0 plate armour (worn)
Jewellery
 n - a ring of fire (left hand)
 q - a ring of fire (right hand)
Scrolls
 e - a scroll of fear {unknown}
 h - a scroll of noise {unknown}
 i - a scroll of enchant weapon {unknown}
 j - 2 scrolls of fog {unknown}
 m - a scroll of summoning {unknown}
 o - a scroll of vulnerability {unknown}
 t - a scroll of acquirement {unknown}
Potions
 d - 3 potions of might
 f - a potion of brilliance {unknown}
 g - 2 potions of lignification {unknown}
 p - 2 potions of haste {unknown}
 r - a potion of attraction {unknown}
 s - a potion of curing {unknown}
 u - a potion of heal wounds {unknown}


   Skills:
 + Level 3.7 Fighting
 + Level 2.5(2.8) Axes
 + Level 1.5(2.3) Maces & Flails
 + Level 3.8 Armour
 + Level 4.5 Shields


You had 3 spell levels left.
You didn't know any spells.
Your spell library contained the following spells:

 Spells                   Type           Power      Damage    Failure   Level
 Cigotuvi's Dreadful Rot  Necr/Pois/Air  0%         N/A       100%        2
 Poisonous Vapours        Pois/Air       0%         N/A       100%        2
 Mephitic Cloud           Conj/Pois/Air  0%         N/A       100%        3


Dungeon Overview and Level Annotations

Branches:
Dungeon (3/15)

Altars:
Zin

Annotations:
D:3 Grinder


Innate Abilities, Weirdness & Mutations

You cannot be hasted, slowed, berserked, paralysed or teleported.
You can dig through walls and to a lower floor.
You have a pair of large antennae on your head. (SInv)
Your four strong arms can wield two-handed weapons with a shield.


Message History

The puff of flame hits you but does no damage.
Ijyb closely misses you. Grinder hits you!
You writhe in agony.
You barely miss Ijyb.
Ijyb is heavily wounded.
Grinder hits you.
You writhe in agony.
* * * LOW HITPOINT WARNING * * *
Ijyb zaps a wand.
The puff of flame hits you. You resist.
* * * LOW HITPOINT WARNING * * *
You sock Ijyb!
Ijyb is almost dead.
Grinder hits you but does no damage. Ijyb barely misses you.
You barely miss Ijyb.
Ijyb is almost dead.
Grinder hits you but does no damage.
Ijyb zaps a wand.
The puff of flame hits you but does no damage.
Grinder hits you but does no damage. Ijyb hits you but does no damage.
You barely miss Ijyb.
Ijyb is almost dead.
Grinder closely misses you. You block Ijyb's attack.
You barely miss Ijyb.
Ijyb is almost dead.
Grinder hits you.
* * * LOW HITPOINT WARNING * * *
You writhe in agony.
* * * LOW HITPOINT WARNING * * *
Ijyb zaps a wand.
The puff of flame hits you but does no damage.
You resist.
You hit Ijyb.
Your weapon exudes an aura of protection.
You kill Ijyb!
Grinder blinks! x2
Your base Maces & Flails skill increases to level 1!
You have reached level 4!
You feel stronger.
Grinder blinks!
Grinder says, "Wait up."
Grinder gestures at you. Pain shoots through your body!
You die...

##################
..........†.††...############
............†..............>#
..(#############.##########.#
.#<# #.@...5...# #.# .#.#
#.........# #.# .#.#
#.........# #.# .#.#
##)######## #.# .#..
.......)....5.. #.# .###
######......... #.# .#
#......... #.# .# #......)..
#.# #......... #.#


You could see Grinder.

Vanquished Creatures
  Ijyb (D:3)
  A worm (D:3)
  A dart slug (D:1)
  2 endoplasms (D:1)
  3 giant cockroaches (D:1)
  4 hobgoblins
  5 jackals
  3 quokkas
  5 ball pythons
  A bat (D:2)
  4 frilled lizards
  2 goblins
  4 kobolds (D:1)
  6 rats
42 creatures vanquished.

Notes
Turn   | Place    | Note
-------+----------+-------------------------------------------
     0 | D:1      | McMuffin the Formicid Fighter began the quest for the Orb.
     0 | D:1      | Reached XP level 1. HP: 18/18 MP: 1/1
    85 | D:1      | Reached XP level 2. HP: 20/21 MP: 2/2
   663 | D:1      | Reached XP level 3. HP: 29/29 MP: 3/3
  1231 | D:2      | Identified the +1 leather armour of Complete Protection
                  | {rC+ Will+}
  1578 | D:3      | Found a faded altar of an unknown god.
  1593 | D:3      | Prayed at the altar of an unknown god.
  1593 | D:3      | Became a worshipper of Zin the Law-Giver
  1593 | D:3      | Reached * piety under Zin
  1706 | D:3      | Noticed Grinder
  1706 | D:3      | Noticed Ijyb
  1731 | D:3      | Killed Ijyb
  1732 | D:3      | Reached skill level 1 in Maces & Flails
  1732 | D:3      | Reached XP level 4. HP: 3/37 MP: 4/4
  1742 | D:3      | Killed from afar by Grinder

Illustrated notes

Levels and vault maps discovered:
D:1:      psy_arrival_radial01, layout_loops_cross
D:2:      layout_rooms
D:3:      layout_basic, basic_ecumenical_altar, uniq_grinder, uniq_ijyb,
          uniq_natasha

Skill      XL: |  1  2  3 |
---------------+----------+-----
Maces & Flails | 1 |  1.5
Fighting       | |  3.7
Axes           | |  2.5
Armour         | |  3.8
Shields        | |  4.5

Action                   |  1- 3 |  4- 6 || total
-------------------------+-------+-------++-------
Melee: War axe           |    53 |       ||    53
       Mace              |    54 |       ||    54
 Abil: Dig               |     1 |       ||     1
Armor: Scale mail        |    22 |       ||    22
       Plate armour      |    46 |       ||    46
Dodge: Dodged            |    38 |       ||    38
Block: Buckler           |    33 |       ||    33

Table legend: (Time is in decaauts)
 A = Elapsed time spent in this place.
 B = Non-inter-level travel time spent in this place.
 C = Inter-level travel time spent in this place.
 D = Time resting spent in this place.
 E = Time spent auto-exploring this place.
 F = Levels seen in this place.
 G = Mean time per level.
                   A        B        C        D        E       F      G
               +--------+--------+--------+--------+--------+-----+--------+
         Total |   1782 |   1757 |     25 |    339 |      0 |   3 |  594.0 |
       Dungeon |   1782 |   1757 |     25 |    339 |      0 |   3 |  594.0 |
               +--------+--------+--------+--------+--------+-----+--------+

Top non-repeatable levels by time:
     D:1: 1088 daAuts
     D:2: 466 daAuts
     D:3: 227 daAuts
